Map: 16-Bit LE

Players

GOStephano (Stephano)

  • Race: Zerg Zerg
  • League: Master
  • Spawn Location: 1:00

lIIllllIIlll (INnoVation) - Winner!

  • Race: Terran Terran
  • League: Master
  • Spawn Location: 7:00

Event: HomeStory Cup XVII

VOD

Have the link to the VOD?

Description

Time

  • Played on: July 1, 2018, 12:29 p.m.
  • Length: 21:38

All games in this series

Show
View Real Time Build Order
Export as new Build Order

GOStephano Zerg 

Build Orders: Hatch First 

Get SALT Encoding   

  12  0:01  Drone  
  13  0:13  Overlord  
  13  0:18  Drone  
  14  0:31  Drone x2  
  16  0:51  Hatchery  
  16  0:55  Drone  
  16  1:00  Drone  
  16  1:02  Drone  
  18  1:13  Extractor  
  18  1:18  Spawning Pool  
  16  1:21  Drone  
  16  1:24  Drone  
  18  1:32  Drone  
  19  1:43  Drone  
  20  1:51  Drone  
  21  2:01  Drone  
  21  2:04  Queen x2  
  21  2:05  Zergling x2  
  27  2:12  Zergling x2  
  28  2:23  Hatchery  
  27  2:33  Overlord  
  27  2:34  Metabolic Boost  
  27  2:35  Drone  
  28  2:47  Overlord  
  28  2:52  Drone x4  
  28  2:56  Drone  
  33  2:59  Drone  
  33  3:03  Queen  
  36  3:08  Drone  
  36  3:09  Drone  
  38  3:13  Drone x2  
  40  3:21  Queen  
  40  3:22  Drone  
  40  3:24  Drone  
  44  3:28  Overlord  
  44  3:31  Overlord  
  44  3:34  Drone  
  44  3:35  Drone  
  44  3:37  Drone  
  47  3:45  Drone x3  
  47  3:46  Drone  
  51  3:49  Queen  
  51  3:52  Drone  
  51  3:53  Drone  
  51  3:55  Zergling x2  
  56  3:56  Zergling x2  
  56  3:58  Drone  
  58  4:03  Queen  
  58  4:07  Zergling x4  
  62  4:13  Drone x2  
  62  4:16  Evolution Chamber  
  62  4:17  Drone x2, Evolution Chamber  
  62  4:23  Drone x2  
  66  4:24  Overlord  
  66  4:27  Overlord x2  
  66  4:43  Zerg Ground Armor Level 1, Zerg Melee Weapons Level 1  
  66  4:44  Spore Crawler  
  66  4:45  Spore Crawler, Drone  
  66  4:47  Queen x2  
  66  4:49  Drone x2  
  66  4:51  Drone  
  72  4:55  Zergling x6  
  72  4:57  Drone x2  
  77  5:10  Extractor, Drone x6  
  77  5:11  Drone  
  77  5:12  Extractor  
  82  5:17  Drone x4  
  85  5:26  Lair  
  85  5:29  Hatchery, Drone x3  
  85  5:33  Drone x2  
  89  5:40  Baneling Nest  
  89  5:41  Drone  
  89  5:42  Overlord x2, Extractor  
  88  5:43  Extractor  
  87  5:58  Spore Crawler, Drone x2  
  87  6:01  Overlord  
  87  6:03  Zergling x14  
  95  6:13  Zergling x8  
  99  6:23  Baneling  
  99  6:24  Baneling x4, Zergling x2  
  99  6:25  Zergling x10  
  101  6:40  Centrifical Hooks  
  101  6:41  Drone x5  
  101  6:45  Zerg Ground Armor Level 2  
  101  6:46  Hydralisk Den, Infestation Pit  
  105  6:47  Hatchery, Zergling x14  
  110  6:58  Zergling x2  
  110  6:59  Zergling x10  
  110  7:00  Zerg Melee Weapons Level 2  
  116  7:04  Hatchery  
  116  7:07  Zergling x10  
  120  7:08  Baneling x3  
  120  7:09  Baneling x4  
  119  7:18  Zergling x4  
  119  7:21  Overlord x2  
  119  7:22  Muscular Augments  
  119  7:27  Overlord  
  119  7:37  Overlord x2  
  119  7:39  Hive  
  119  7:41  Zergling x18  
  128  7:44  Drone  
  128  7:46  Drone  
  130  7:51  Drone  
  130  7:57  Drone x12  
  135  8:07  Hydralisk x5  
  136  8:14  Zergling x2  
  136  8:15  Zergling x2  
  137  8:23  Zergling x2  
  137  8:24  Zergling x10  
  139  8:29  Zergling x20  
  139  8:30  Baneling x2  
  139  8:31  Baneling x9  
  150  8:34  Zergling x6, Grooved Spines  
  149  8:42  Zergling x2  
  149  8:43  Zergling x6  
  149  8:45  Baneling x5  
  153  8:49  Overlord  
  153  8:50  Hydralisk x4  
  153  8:54  Zergling x2  
  153  8:55  Zergling x6  
  165  9:00  Viper  
  168  9:03  Hatchery  
  168  9:04  Zergling x10  
  172  9:10  Overlord  
  172  9:14  Zerg Ground Armor Level 3  
  171  9:18  Zergling x4  
  171  9:19  Zergling x12  
  171  9:21  Overlord  
  179  9:25  Overlord  
  179  9:28  Overlord  
  179  9:30  Zerg Missile Weapons Level 1  
  179  9:32  Overlord, Hydralisk  
  179  9:33  Overlord, Hydralisk x3  
  179  9:37  Zergling x2  
  187  9:46  Zergling x24  
  199  9:53  Overlord  
  199  9:59  Zergling x6  
  200  10:01  Baneling x6  
  200  10:02  Baneling x5  
  200  10:05  Baneling x4  
  200  10:06  Baneling  
  195  10:32  Zergling x24  
  195  10:33  Zergling x24  
  169  10:38  Baneling  
  169  10:39  Baneling x15  
  166  10:44  Zergling x2  
  166  10:45  Zergling x8  
  166  10:46  Baneling  
  166  10:47  Baneling x7  
  171  10:52  Baneling x3  
  171  10:53  Zergling x2  
  171  10:55  Zergling x8  
  171  10:57  Zergling x6  
  179  11:05  Zergling x4  
  179  11:11  Zergling x8  
  182  11:19  Hydralisk x7  
  182  11:20  Hatchery  
  191  11:31  Zergling x8  
  191  11:32  Zergling x20  
  186  11:38  Zergling x8  
  186  11:39  Zerg Missile Weapons Level 2  
  189  11:48  Zergling x2  
  189  11:49  Zergling x20  
  200  11:58  Zergling x2  
  200  11:59  Zergling x10  
  193  12:05  Zergling x10  
  193  12:06  Zergling x4  
  193  12:08  Hydralisk  
  160  12:12  Hydralisk x2  
  165  12:20  Hydralisk x3  
  165  12:21  Hydralisk x3  
  177  12:23  Adrenal Glands  
  177  12:33  Zergling x14  
  184  12:43  Zergling x2  
  184  12:44  Zergling x16  
  191  12:57  Zergling x18  
  200  12:59  Baneling  
  200  13:00  Baneling x8  
  197  13:10  Spore Crawler  
  196  13:14  Zergling x6  
  199  13:20  Baneling x14  
  199  13:33  Baneling x10  
  199  13:54  Overlord  
  199  13:56  Overlord  
  195  14:15  Baneling, Hatchery  
  195  14:16  Baneling x28  
  180  14:21  Zergling x62  
  182  14:32  Overlord  
  129  14:45  Hydralisk  
  129  14:46  Hydralisk x6  
  115  14:55  Hydralisk  
  115  14:58  Zergling x12  
  111  15:07  Hydralisk x2  
  111  15:10  Baneling x2  
  111  15:11  Zergling x2  
  111  15:12  Zergling x2  
  117  15:18  Extractor x2  
  117  15:20  Zergling x8  
  119  15:23  Queen x2  
  119  15:27  Hatchery  
  122  15:29  Hatchery x2  
  122  15:30  Extractor  
  119  15:38  Hatchery  
  117  15:53  Drone x4  
  117  15:54  Drone x3  
  124  15:59  Viper  
  124  16:00  Viper  
  124  16:04  Zergling x12  
  136  16:11  Zergling x12  
  141  16:18  Baneling x13, Zergling x2  
  141  16:24  Zergling x4  
  141  16:25  Zergling x2  
  145  16:45  Zerg Missile Weapons Level 3  
  145  16:46  Drone  
  145  16:47  Drone x5  
  150  16:57  Zergling x16  
  156  17:02  Baneling x3  
  156  17:03  Baneling x5  
  148  17:12  Zergling x10  
  152  17:23  Zergling x6  
  152  17:28  Viper  
  157  17:35  Hydralisk x2  
  160  17:39  Hydralisk x2  
  160  17:43  Drone x2  
  160  17:44  Drone  
  164  17:52  Unknown  
  164  17:54  Unknown  
  142  18:10  Hydralisk x8  
  134  18:12  Zergling x2  
  113  18:27  Drone x8  
  121  18:35  Drone x2  
  121  18:40  Drone  
  124  19:02  Viper x3  
  122  19:09  Drone x2  
  131  19:22  Viper x2  
  140  19:38  Drone x3  
  140  19:39  Drone x5  
  142  19:58  Viper  
  142  19:59  Viper x2  
  145  20:03  Zergling x16  
  152  20:20  Drone x3  
  154  20:41  Zergling x14  
  160  20:44  Hatchery  
  159  20:56  Hatchery  
  158  20:57  Baneling x6  
  158  20:58  Baneling x8  
  158  20:59  Zergling x2  
  158  21:00  Zergling x2  
Show
View Real Time Build Order
Export as new Build Order

lIIllllIIlll Terran - Winner!

Build Orders: Reaper Expand, Bio Tank 

Get SALT Encoding   

  12  0:00  SCV  
  13  0:13  SCV  
  14  0:17  Supply Depot  
  14  0:25  SCV  
  15  0:39  SCV  
  15  0:40  Barracks  
  16  0:45  Refinery  
  16  0:51  SCV  
  17  1:03  SCV  
  18  1:15  SCV  
  19  1:27  Orbital Command  
  19  1:28  Reaper  
  20  1:42  Command Center  
  20  1:52  Supply Depot  
  20  1:53  SCV  
  21  2:00  Marine  
  22  2:05  SCV  
  23  2:09  Factory  
  23  2:17  SCV  
  24  2:22  Barracks Reactor  
  24  2:29  SCV  
  25  2:40  Command Center  
  25  2:42  SCV  
  26  2:54  Orbital Command, SCV  
  27  3:04  Barracks Tech Lab  
  27  3:05  Hellion  
  29  3:06  Hellion  
  29  3:08  SCV  
  32  3:15  Refinery  
  32  3:19  SCV  
  33  3:20  SCV  
  33  3:23  Stimpack  
  33  3:26  Hellion  
  36  3:28  Hellion  
  36  3:30  Marine  
  36  3:33  SCV  
  36  3:34  SCV  
  41  3:45  SCV  
  41  3:46  SCV  
  43  3:52  Barracks, Marine  
  43  3:53  Orbital Command  
  44  3:57  Factory Reactor, SCV  
  44  3:58  SCV  
  44  4:01  Barracks  
  46  4:09  Marine  
  46  4:11  SCV x2  
  49  4:17  Engineering Bay  
  49  4:18  Engineering Bay  
  49  4:20  Refinery  
  49  4:23  SCV x3  
  52  4:28  Marine  
  52  4:29  Orbital Command  
  52  4:33  Refinery, Supply Depot  
  52  4:38  SCV x2  
  54  4:45  Starport  
  54  4:46  Terran Infantry Weapons Level 1  
  54  4:47  Terran Infantry Armor Level 1  
  54  4:48  Factory Reactor  
  54  4:51  SCV  
  54  4:52  SCV  
  56  4:56  SCV  
  57  5:00  Supply Depot  
  57  5:04  SCV x2  
  57  5:06  Marine  
  57  5:07  Marine x4  
  60  5:08  SCV  
  65  5:14  Supply Depot  
  65  5:16  SCV x2  
  65  5:20  SCV  
  68  5:23  Supply Depot  
  68  5:25  Combat Shield  
  68  5:28  Medivac x2  
  68  5:30  Marine x5, Factory Tech Lab  
  77  5:36  SCV x3  
  77  5:37  Supply Depot  
  77  5:40  Supply Depot  
  80  5:45  Armory  
  80  5:48  SCV x3  
  83  5:55  Barracks  
  83  5:56  Siege Tank, Barracks  
  86  6:01  Refinery x2  
  86  6:02  SCV x3  
  89  6:06  Supply Depot  
  89  6:11  Supply Depot  
  89  6:14  SCV x2  
  89  6:15  SCV, Marine x4  
  89  6:16  Marine  
  97  6:26  SCV  
  97  6:27  SCV x2  
  97  6:30  Siege Tank  
  102  6:38  SCV  
  102  6:39  SCV x2  
  100  6:41  Terran Infantry Armor Level 2, Terran Infantry Weapons Level 2  
  100  6:42  Terran Vehicle And Ship Armor Level 1  
  100  6:43  Barracks Reactor x2  
  100  6:47  Supply Depot  
  100  6:53  SCV x3  
  103  6:54  Factory  
  103  6:57  Supply Depot  
  103  7:01  Barracks  
  103  7:02  Barracks x2  
  103  7:10  Siege Tank  
  103  7:12  Command Center  
  106  7:21  Marauder, Concussive Shells, Marine x4  
  63  7:22  Medivac  
  106  7:23  Medivac  
  106  7:24  Marine x4  
  114  7:39  Marine x4, Factory Tech Lab  
  114  7:41  Marine  
  114  7:42  Supply Depot, Marine x2  
  114  7:43  Marauder  
  123  7:47  Siege Tank  
  123  7:48  Barracks Tech Lab  
  123  7:49  Barracks Tech Lab  
  123  7:50  Barracks Reactor  
  126  7:52  Medivac  
  126  7:53  Supply Depot x2, Medivac  
  126  7:56  Marine x2  
  126  7:57  Marine x3  
  135  7:59  Marine  
  135  8:02  Siege Tank, Missile Turret  
  138  8:11  Marauder x3  
  144  8:25  Medivac x2  
  141  8:28  Siege Tank, Marine x2  
  141  8:29  Marine x8  
  141  8:32  Marauder x3  
  141  8:33  Supply Depot  
  160  8:35  Supply Depot  
  160  8:38  Siege Tank  
  160  8:39  Supply Depot  
  163  8:46  Planetary Fortress, Marine x6  
  163  8:47  Marine x3  
  170  9:02  Terran Infantry Weapons Level 3  
  170  9:03  Marine x4  
  170  9:04  Marine x6  
  170  9:06  Terran Infantry Armor Level 3  
  180  9:12  Siege Tank  
  180  9:15  SCV x3  
  180  9:17  Marine x3  
  185  9:20  Marine  
  185  9:21  Marauder, Marine x2  
  185  9:22  Marine  
  193  9:26  Siege Tank  
  196  9:38  Marine x4  
  200  9:51  Terran Vehicle And Ship Armor Level 2  
  198  9:56  Medivac  
  198  9:57  Command Center  
  198  9:59  Refinery  
  200  10:01  Refinery  
  200  10:04  Sensor Tower  
  195  10:32  Siege Tank x2  
  195  10:33  Marauder x3, Marine x3  
  195  10:34  Marine x7  
  159  10:36  Medivac x2  
  159  10:42  Starport  
  163  10:43  Starport, Fusion Core  
  163  10:45  SCV x2  
  163  10:46  SCV  
  163  10:49  Liberator x2  
  166  10:51  Marine x9  
  166  10:52  Marine  
  166  10:54  Marauder  
  166  10:55  Marauder x2  
  182  11:09  Marine x10  
  198  11:16  Marauder x3  
  195  11:27  Marine x10  
  195  11:30  Siege Tank  
  185  11:37  Marauder x3, Siege Tank  
  192  11:42  Planetary Fortress  
  192  11:44  Marine  
  192  11:45  Marine x2  
  194  11:53  Starport Reactor, Starport Tech Lab, Marine x5  
  194  11:54  Liberator x2  
  199  11:55  Liberator  
  158  12:10  SCV x3  
  158  12:11  Advanced Ballistics  
  158  12:12  Terran Vehicle And Ship Armor Level 3  
  158  12:13  Marauder x3, Marine, Liberator x2  
  158  12:14  Marine  
  164  12:22  SCV x3  
  167  12:32  Sensor Tower  
  167  12:34  Siege Tank, SCV  
  167  12:36  Liberator  
  177  12:39  Siege Tank, Marine  
  177  12:40  Marine x9  
  190  12:45  SCV x2  
  190  12:46  SCV  
  191  12:52  Sensor Tower  
  188  12:58  Liberator x2  
  188  12:59  Liberator  
  188  13:04  Command Center  
  188  13:06  Marauder x3  
  200  13:23  Ghost Academy  
  200  13:40  Marauder  
  199  13:48  Starport Reactor, Command Center x2  
  199  14:05  Barracks  
  199  14:06  Marine  
  196  14:23  Liberator x2  
  172  14:25  Liberator x3  
  172  14:26  Marauder, Marine x2  
  172  14:31  Marine x2  
  173  14:32  Marauder, Marine  
  173  14:33  Marine  
  173  14:39  Marine x3  
  173  14:40  Supply Depot x2, Marine  
  173  14:41  Marauder, Siege Tank x2  
  173  14:42  Supply Depot  
  173  14:43  Supply Depot  
  173  14:44  Marine x2  
  154  14:49  Marine x2  
  134  14:57  Marine  
  134  15:04  Marauder x3, Marine x7  
  139  15:07  Marine  
  139  15:11  SCV  
  136  15:14  SCV  
  136  15:21  Orbital Command  
  136  15:33  SCV x2  
  138  15:50  SCV, Liberator x2  
  138  15:53  SCV, Liberator  
  138  15:54  SCV  
  138  15:57  Marauder x3, Marine x4  
  144  16:02  SCV  
  149  16:04  Sensor Tower  
  149  16:07  Liberator x2  
  158  16:20  Marauder x3  
  169  16:35  Liberator  
  169  16:36  Marine x8  
  169  16:37  Marine  
  177  16:42  Orbital Command  
  177  16:43  Liberator  
  177  16:49  Liberator  
  177  16:50  Marauder x3, Sensor Tower  
  184  16:54  Marine x4  
  194  17:16  Liberator  
  194  17:17  Marauder x3  
  199  17:41  Terran Ship Weapons Level 1  
  199  17:57  Liberator x3  
  178  18:07  Marauder x3  
  178  18:08  Marine x3  
  178  18:09  Marine x3  
  161  18:19  Refinery, SCV x3  
  163  18:20  Refinery  
  163  18:25  Refinery x2  
  152  18:29  Marauder x2, Marine x8  
  164  18:52  Command Center  
  164  18:53  Medivac  
  164  18:55  SCV x3, Marine x6  
  169  18:56  Marine x2  
  177  19:05  Medivac x2  
  177  19:07  Marine x4  
  185  19:14  Missile Turret  
  185  19:21  Medivac x2  
  192  19:30  Medivac  
  191  19:32  Marauder x2, Marine x4  
  191  19:33  Marine  
  200  19:45  Medivac  
  197  19:55  Liberator  
  197  20:04  Liberator  
  197  20:06  Planetary Fortress  
  197  20:08  Refinery  
  197  20:09  Refinery, Command Center  
  197  20:15  Liberator  
  194  20:53  Marauder x3  
  198  20:57  Marine x2  
Tags
 
Add a new tag
Caveats
  • Supply blocks, unpowered buildings, or Contaminate may cause inaccurate times.
  • Supply counts are checked every 10 seconds.